 Dungeon Crawl Stone Soup version 0.21-a0-50-g941c862 (webtiles) character file.

134 KristoblXynda the Conjurer (level 4, -35/33 HPs)
             Began as a Demigod Conjurer on June 11, 2017.
             Killed from afar by an adder (40 damage)
             ... with an exploding inner flame
             ... hexed by the player character
             ... on level 4 of the Dungeon.
             The game lasted 00:07:35 (2936 turns).

KristoblXynda the Conjurer (Demigod Conjurer)       Turns: 2936, Time: 00:07:36

Health: -35/33     AC:  2    Str: 11    XL:     4   Next: 64%
Magic:  2/10       EV: 12    Int: 21    God:
Gold:   130        SH:  0    Dex: 16    Spells: 4/8 levels left

rFire    . . .     SeeInvis .   i - +0 short sword
rCold    . . .     Gourm    .   (no shield)
rNeg     . . .     Faith    .   a - +0 robe
rPois    .         Spirit   .   (no helmet)
rElec    .         Reflect  .   (no cloak)
rCorr    .         Harm     .   (no gloves)
MR       .....                  (no boots)
Stlth    ++........             (no amulet)
Regen    0.2/turn               (no ring)
MPRegen  0.2/turn               (no ring)

@: lethally poisoned (-35 -> -48)
A: high mp 1
a: no special abilities


You were on level 4 of the Dungeon.
You were not hungry.

You visited 1 branch of the dungeon, and saw 4 of its levels.

You collected 130 gold pieces.

Inventory:

Hand Weapons
 i - a +0 short sword (weapon)
 o - a +0 broad axe
Armour
 a - a +0 robe (worn)
 j - a +4 scale mail of magic resistance
Jewellery
 l - an uncursed ring of protection from magic {unknown}
Wands
 m - a wand of lightning (5/15)
Scrolls
 d - 2 scrolls of remove curse
 n - a scroll of immolation
 p - a scroll of identify
Potions
 g - a potion of flight
Books
 b - a book of Conjurations

   Spells                             Type                      Level
   a - Magic Dart                     Conjuration                  1
   b - Searing Ray                    Conjuration                  2
   c - Dazzling Spray                 Conjuration/Hexes            3
   d - Fulminant Prism                Conjuration/Hexes            4
   e - Force Lance                    Conjuration/Translocation    4
   f - Iskenderun's Mystic Blast      Conjuration                  4
Comestibles
 c - 4 bread rations


   Skills:
 + Level 1.0 Short Blades
 - Level 1.4 Armour
 - Level 1.7 Dodging
 - Level 2.3 Stealth
 + Level 2.7 Spellcasting
 + Level 4.4 Conjurations


You had 4 spell levels left.
You knew the following spells:

 Your Spells              Type           Power        Failure   Level  Hunger
a - Magic Dart            Conj           ###.         2%          1    None
b - Dazzling Spray        Conj/Hex       ##....       16%         3    ###....


Dungeon Overview and Level Annotations

Branches:
Dungeon (4/15)
 Temple: D:4-7

Annotations:
D:3 Purgy


Innate Abilities, Weirdness & Mutations

You have an increased reservoir of magic. (+10% MP)


Message History

You feel sick. The adder barely misses you. The adder bites you.
* * * LOW HITPOINT WARNING * * *
Casting: Dazzling Spray
Confirm with . or Enter, or press ? or * to list all spells.
Aiming: Dazzling Spray
Press: ? - help, Shift-Dir - straight line, f - adder
Aim: an adder (almost dead, inner flame)
The spray of energy misses the adder.
* * * LOW HITPOINT WARNING * * *
You feel sick. The adder bites you.
* * * LOW HITPOINT WARNING * * *
You are more poisoned.
The adder poisons you!
Unknown command.
You hit the adder.
The adder explodes!
The fiery explosion engulfs you!
Ouch! That really hurt!
You die... ####### #...ยง@# #.#####

There were no monsters in sight!

Vanquished Creatures
  Terence (D:3)
  5 adders
  An ooze (D:2)
  2 worms (D:3)
  A dart slug (D:1)
  3 leopard geckos
  2 giant cockroaches
  5 goblins
  10 hobgoblins
  2 quokkas (D:2)
  9 bats
  2 frilled lizards (D:3)
  6 kobolds
  4 rats (D:1)
53 creatures vanquished.

Notes
Turn   | Place    | Note
-------+----------+-------------------------------------------
     0 | D:1      | KristoblXynda the Demigod Conjurer began the quest for the Orb.
     0 | D:1      | Reached XP level 1. HP: 14/14 MP: 5/5
   474 | D:1      | Reached XP level 2. HP: 18/20 MP: 4/7
   855 | D:1      | Found a shimmering altar of Xom.
  1043 | D:2      | Found a glowing golden altar of the Shining One.
  1049 | D:2      | Reached skill level 1 in Armour
  1222 | D:2      | Reached XP level 3. HP: 26/26 MP: 3/9
  1292 | D:2      | Reached skill level 4 in Conjurations
  1542 | D:2      | Learned a level 3 spell: Dazzling Spray
  1822 | D:2      | Found a stormy altar of Qazlal.
  1826 | D:2      | Found a deep blue altar of Sif Muna.
  2314 | D:3      | Reached XP level 4. HP: 33/33 MP: 4/10
  2476 | D:3      | Noticed Terence
  2523 | D:3      | Killed Terence
  2789 | D:3      | Found an ornate altar of the Wu Jian Council.
  2836 | D:3      | Reached skill level 1 in Short Blades
  2889 | D:3      | Noticed Purgy
  2936 | D:4      | Killed from afar by an adder

Vault maps used:
D:1:      dpeg_arrival_tiny_a, serial_glass, glass_columns_b, glass_columns_b,
          glass_columns_a, glass_columns_a, glass_columns_a, glass_columns_c,
          solitary_fountain, hangedman_abyss_or_decor_stabs,
          minmay_misc_feat_doors, hangedman_decor_riveting, xom_teletrap_fun
D:2:      lemuel_round_altar, chequers_temple_overflow_statue_of_worship,
          first_bread
D:3:      cheibrodos_old_hovel, nicolae_overflow_crystal_walls,
          uniq_crazy_yiuf_cottage, uniq_purgy, uniq_terence
D:4:      gammafunk_steamed_eel, lemuel_round_altar,
          minmay_temple_entry_from_below_a, portal_sewer_entry_b,
          serial_park_tiny_2, patterned_corridor

Skill      XL: |  1  2  3  4 |
---------------+-------------+-----
Stealth        | 2 |  2.3
Spellcasting   | 2 |  2.7
Armour         | 1 |  1.4
Conjurations   | 4 |  4.4
Short Blades   | 1 |  1.0
Dodging        | |  1.7

Action                   |  1- 3 |  4- 6 || total
-------------------------+-------+-------++-------
Melee: Unarmed           |    10 |       ||    10
       Short sword       |     8 |    61 ||    69
 Cast: Magic Dart        |    78 |    31 ||   109
       Dazzling Spray    |       |     4 ||     4
  Use: Scroll            |       |     7 ||     7
       Potion            |       |     4 ||     4
 Stab: Sleeping          |     2 |       ||     2
       Invisible         |       |     2 ||     2
  Eat: Chunk             |     4 |     3 ||     7
Armor: Robe              |       |    11 ||    11
Dodge: Dodged            |    11 |    48 ||    59
